 Dungeon Crawl Stone Soup version 0.25-a0-185-g6cfeca75b2 (webtiles) character file.

Game seed: 13262963594824525422, levelgen mode: deterministic

5793 sankara the Grappler (level 10, -3/71 HPs)
             Began as a Minotaur Transmuter on Nov 27, 2019.
             Was an Elder of Okawaru.
             Slain by a red ugly thing (19 damage)
             ... on level 8 of the Dungeon.
             The game lasted 01:00:50 (9714 turns).

sankara the Grappler (Minotaur Transmuter)          Turns: 9714, Time: 01:00:51

Health: -3/71      AC:  9    Str: 16    XL:     10   Next: 50%
Magic:  5/11       EV: 15    Int: 15    God:    Okawaru [****..]
Gold:   363        SH:  0    Dex: 12    Spells: 3/11 levels left

rFire    . . .     SeeInvis .   i - +3 dagger (venom)
rCold    . . .     Gourm    .   (no shield)
rNeg     . . .     Faith    .   p - +0 leather armour
rPois    .         Spirit   .   (helmet restricted)
rElec    .         Reflect  .   G - +1 cloak
rCorr    .         Harm     .   w - +2 pair of gloves
MR       .....                  (no boots)
Stlth    ++........             y - amulet of regeneration {+regen, !d}
HPRegen  0.61/turn              z - +4 ring of intelligence
MPRegen  0.12/turn              (no ring)

@: heroism, lightly drained
A: retaliatory headbutt, horns 2
a: Heroism, Renounce Religion


You were on level 8 of the Dungeon.
You worshipped Okawaru.
Okawaru was greatly pleased with you.
You were hungry.

You visited 2 branches of the dungeon, and saw 10 of its levels.

You collected 363 gold pieces.

Inventory:

Hand Weapons
 b - a +0 hunting sling
   (You found it on level 6 of the Dungeon)
 i - a +3 dagger of venom (weapon)
   (You took it off a goblin on level 1 of the Dungeon)
 F - a +0 shortbow
   (You found it on level 4 of the Dungeon)
 J - a +1 shortbow of freezing
   (You took it off a centaur on level 5 of the Dungeon)
 Q - a +2 dagger of pain
   (You found it on level 7 of the Dungeon)
 T - a +0 dagger of speed
   (You took it off an orc on level 9 of the Dungeon)
Missiles
 a - 84 arrows
 g - 109 stones
 m - 90 sling bullets
 o - 2 boomerangs
 r - 157 bolts
 s - a throwing net {=f, !d}
 v - 15 poisoned darts
 I - 4 silver javelins
 N - 2 javelins (quivered)
Armour
 j - a +2 chain mail of fire resistance
   (You took it off an orc warrior on level 8 of the Dungeon)
 p - a +0 leather armour (worn)
   (You found it on level 8 of the Dungeon)
 w - a +2 pair of gloves (worn)
   (You found it on level 2 of the Dungeon)
 G - a +1 cloak (worn)
   (You found it on level 5 of the Dungeon)
Jewellery
 y - an amulet of regeneration (around neck) {+regen, !d}
   (You found it on level 3 of the Dungeon)
 z - a +4 ring of intelligence (left hand)
   (You found it on level 3 of the Dungeon)
 B - an uncursed amulet of rage {unknown}
   (You found it on level 3 of the Dungeon)
 U - the ring "Zialamm" {+Fly rPois rF+++ rC- Dex-5}
   (You took it off an orc on level 9 of the Dungeon)

   [ring of flight]

   It affects your dexterity (-5).
   It renders you almost immune to fire.
   It makes you vulnerable to cold.
   It protects you from poison.
   It lets you fly.
Wands
 x - a wand of digging (3)
   (You took it off an orc wizard on level 9 of the Dungeon)
 D - a wand of iceblast (10)
   (You found it on level 4 of the Dungeon)
 K - a wand of random effects (10)
   (You found it on level 7 of the Dungeon)
 R - a wand of polymorph (5)
   (You found it on level 7 of the Dungeon)
Scrolls
 c - a scroll of blinking {unknown}
 f - a scroll of teleportation
 h - a scroll of fog {unknown}
 l - 5 scrolls of remove curse
 t - 3 scrolls of enchant armour {unknown}
 A - 2 scrolls of amnesia {unknown}
 H - a scroll of noise {unknown}
 L - 2 scrolls of magic mapping {unknown}
 P - a scroll of silence {unknown}
Potions
 e - 3 potions of brilliance
 k - a potion of heal wounds
 n - 4 potions of flight
 q - 2 potions of resistance
 u - 2 potions of magic
 C - 2 potions of agility
 E - 2 potions of lignification {!q}
 M - a potion of mutation {unknown}
 O - a potion of might
Comestibles
 d - 17 rations
 S - 19 chunks of flesh {@w0}


   Skills:
 - Level 1.2(6.0) Fighting
 - Level 3.0(7.8) Short Blades
 - Level 3.0(7.8) Armour
 - Level 2.1(7.0) Dodging
 + Level 12.1(16.9) Unarmed Combat
 - Level 1.3(1.2) Spellcasting
 + Level 9.2(9.1) Transmutations


You had 3 spell levels left.
You knew the following spells:

 Your Spells              Type           Power        Failure   Level  Hunger
a - Beastly Appendage     Tmut           ####..       1%          1    ##.....
b - Sticks to Snakes      Tmut           ####....     1%          2    ###....
c - Blade Hands           Tmut           ####......   19%         5    ######.

Your spell library contained the following spells:

 Spells                   Type           Power        Failure   Level  Hunger
 Spider Form              Tmut/Pois      ##........   13%         3    ####...
 Ice Form                 Ice/Tmut       ##......     41%         4    #####..


Dungeon Overview and Level Annotations

Branches:
Dungeon (9/15)             Temple (1/1) D:6             Orc (0/2) D:9
   Lair: D:8-11

Altars:
Ashenzari
Cheibriados
Dithmenos
Elyvilon
Fedhas
Gozag
Hepliaklqana
Kikubaaqudgha
Makhleb
Nemelex Xobeh
Okawaru
Qazlal
Ru
Sif Muna
Trog
Uskayaw
Vehumet
Wu Jian
Xom
Yredelemnul
Zin
The Shining One

Shops:
D:6 [   D:7 [


Innate Abilities, Weirdness & Mutations

You reflexively headbutt those who attack you in melee.
You have a pair of horns on your head.


Message History

The jelly is heavily wounded.
The jelly barely misses you. You furiously retaliate!
You headbutt the jelly! You hit the jelly but do no damage.
Your hands burn!
You punch the jelly, but do no damage.
The jelly is almost dead.
The jelly hits you but does no damage.
You are too injured to fight recklessly!
You are too injured to fight recklessly!
You are too injured to fight recklessly!
You are too injured to fight recklessly!
You are too injured to fight recklessly!
You are too injured to fight recklessly!
You are too injured to fight recklessly!
You are too injured to fight recklessly!
You hit the jelly.
You kill the jelly!
Okawaru accepts your kill.
You hit the warg but do no damage. Your headbutt misses the warg.
The warg bites you.
You hit the warg. Your headbutt misses the warg.
The warg is lightly wounded.
The warg bites you but does no damage. The warg barely misses you.
You hit the warg but do no damage. You headbutt the warg!
The warg is moderately wounded.
The warg completely misses you. You furiously retaliate!
You headbutt the warg. You barely miss the warg. You headbutt the warg.
The warg is heavily wounded.
The warg closely misses you. You furiously retaliate!
You headbutt the warg, but do no damage.
You hit the warg but do no damage.
The warg is poisoned.
Your headbutt misses the warg.
The warg is heavily wounded.
The warg bites you!
You closely miss the warg.
The warg is heavily wounded.
The red ugly thing gurgles horribly!
The warg bites you. The warg misses you. You furiously retaliate!
You headbutt the warg. The warg misses you.
Unknown command.
You are no longer corroded.
The warg looks more healthy.
The warg bites you. The warg closely misses you.
The orc shouts!
There is an open door here.
An orc comes into view.
The orc shouts!
The warg closely misses you.
There is a stone staircase leading up here.
The orc warrior shouts!
The warg closely misses you.
You climb upwards.
There is a stone staircase leading down, spattered with blood here.
You puncture the warg!
The warg is severely wounded.
The warg bites you.
You barely miss the warg.
The warg is severely wounded.
The warg pauses to sniff the ground.
The warg bites you!
You hit the warg.
The warg is poisoned.
You headbutt the warg.
You kill the warg!
Okawaru accepts your kill.
There is a stone staircase leading up, spattered with blood here.
Things that are here:
a +0 robe; a +0 scythe
Things that are here:
a +0 robe; a +0 scythe
There is a stone staircase leading down here.
You start resting.
HP restored.
You climb downwards.
There is a stone staircase leading up, spattered with blood here.
The red ugly thing closely misses you.
You climb upwards.
There is a stone staircase leading down here.
You gain the combat prowess of a mighty hero.
The red ugly thing headbutts you.
You are engulfed in flames!!
Casting: Blade Hands (quite dangerous; 19% risk of failure)
Confirm with . or Enter, or press ? or * to list all spells.
You create a snake!
You now have 85 arrows.
You are feeling hungry.
The red ugly thing barely misses you. You furiously retaliate!
You headbutt the red ugly thing.
Casting: Sticks to Snakes (safe; 1% risk of failure)
Confirm with . or Enter, or press ? or * to list all spells.
You create a snake!
You now have 84 arrows.
The red ugly thing headbutts you!
You are engulfed in flames!!
* * * LOW HITPOINT WARNING * * *
Your ball python bites the red ugly thing but does no damage.
Your ball python completely misses the red ugly thing.
Okay, then.
Okay, then.
As you read the scroll labeled YPED BOURR, it crumbles to dust.
You feel as if something is helping you.
It was a scroll of remove curse.
The red ugly thing headbutts you.
* * * LOW HITPOINT WARNING * * *
You are engulfed in flames!!
You die...

....####....####...........#....#
...###.........##..........#.....
...##.............##.............
...#............)####............
................<## #.........###
..................###......>...#
#...............SS.##).........#
#...##....##....u[...[........##
...###..........@............##
...#........................####
#.#....................##......##
###.................#..........#.
##............#........##...#....
.#............#.......##..#.#.#.#
.............###.....####..##...#
...........#####......#...####.##
#............#...................


You could see a red ugly thing and 2 friendly ball pythons.

Vanquished Creatures
  Harold (D:7)
  A two-headed ogre (D:8)
  A hippogriff (D:7)
  Grinder (D:6)
  Sigmund (D:8)
  A warg (D:8)
  Menkaure (D:7)
  A water moccasin (D:9)
  An orc warrior (D:8)
  2 sky beasts
  An ice beast (D:9)
  3 phantoms
  4 ogres
  2 centaurs
  A crocodile (D:8)
  5 bullfrogs
  5 scorpions
  5 wights
  8 killer bees
  3 howler monkeys
  2 crimson imps
  6 hounds
  A centaur zombie (D:9)
  3 jellies
  2 bullfrog skeletons
  An orc priest (D:8)
  A centaur skeleton (D:7)
  A gnoll shaman (D:4)
  4 orc wizards
  5 iguanas
  7 worker ants
  A worker ant zombie (D:5)
  5 gnolls
  9 adders
  A shadow imp (D:9)
  2 oozes
  An adder skeleton (D:7)
  An adder zombie (D:7)
  4 worms (D:2)
  4 dart slugs
  7 leopard geckos
  14 orcs
  8 bats
  4 giant cockroaches
  7 goblins
  15 hobgoblins
  6 jackals
  8 kobolds
  A quokka (D:4)
  A ball python (D:3)
  4 frilled lizards
  A quokka zombie (D:6)
  6 rats
  2 fungi (D:1)
193 creatures vanquished.

Vanquished Creatures (collateral kills)
  A bullfrog (D:6)
1 creature vanquished.

Vanquished Creatures (others)
  2 orc wizards (D:9)
2 creatures vanquished.

Grand Total: 196 creatures vanquished

Notes
Turn   | Place    | Note
-------+----------+-------------------------------------------
     0 | D:1      | sankara the Minotaur Transmuter began the quest for the
                  | Orb.
     0 | D:1      | Reached XP level 1. HP: 16/16 MP: 1/1
   255 | D:1      | Reached XP level 2. HP: 22/23 MP: 3/3
   762 | D:1      | Reached skill level 4 in Unarmed Combat
   768 | D:1      | Reached skill level 2 in Transmutations
   997 | D:2      | Reached XP level 3. HP: 20/28 MP: 4/4
  1094 | D:2      | Reached skill level 1 in Armour
  1131 | D:2      | Reached skill level 1 in Short Blades
  1790 | D:2      | Reached XP level 4. HP: 19/35 MP: 5/5
  2009 | D:2      | Found a burning altar of Makhleb.
  2021 | D:2      | Reached skill level 2 in Short Blades
  2380 | D:3      | Reached skill level 2 in Armour
  2399 | D:3      | Found a shadowy altar of Dithmenos.
  2483 | D:3      | Found a sacrificial altar of Ru.
  2553 | D:3      | Reached XP level 5. HP: 40/40 MP: 6/6
  2669 | D:3      | Learned a level 2 spell: Sticks to Snakes
  3232 | D:4      | Reached skill level 3 in Short Blades
  3280 | D:4      | Reached skill level 3 in Armour
  3280 | D:4      | Reached XP level 6. HP: 47/47 MP: 7/7
  3346 | D:4      | Reached skill level 5 in Unarmed Combat
  3346 | D:4      | Reached skill level 3 in Transmutations
  4254 | D:5      | Entered Level 5 of the Dungeon
  4258 | D:5      | Reached XP level 7. HP: 52/52 MP: 8/8
  4262 | D:5      | Reached skill level 6 in Unarmed Combat
  4537 | D:4      | Reached skill level 4 in Transmutations
  4848 | D:5      | Found a hazy altar of Hepliaklqana.
  5160 | D:5      | Found an iron altar of Okawaru.
  5168 | D:5      | Became a worshipper of Warmaster Okawaru
  5263 | D:6      | Reached skill level 7 in Unarmed Combat
  5303 | D:6      | Reached skill level 5 in Transmutations
  5309 | D:6      | Reached XP level 8. HP: 58/59 MP: 7/9
  5431 | D:6      | Found Dyaray's Antique Armour Shop.
  5438 | D:6      | Reached * piety under Okawaru
  5495 | D:6      | Noticed Grinder
  5502 | D:6      | Paralysed by Grinder for 3 turns
  5510 | D:6      | Paralysed by Grinder for 2 turns
  5517 | D:6      | Killed Grinder
  5517 | D:6      | Reached skill level 8 in Unarmed Combat
  5524 | D:6      | Learned a level 5 spell: Blade Hands
  5616 | D:6      | Found a staircase to the Ecumenical Temple.
  5651 | Temple   | Entered the Ecumenical Temple
  6162 | D:7      | Found Koschiub's Antique Armour Shoppe.
  6238 | D:7      | Reached skill level 6 in Transmutations
  6260 | D:7      | Noticed Menkaure
  6559 | D:7      | Found a white marble altar of Elyvilon.
  6590 | D:7      | Reached ** piety under Okawaru
  6590 | D:7      | Reached skill level 9 in Unarmed Combat
  6599 | D:7      | Noticed a hippogriff
  6646 | D:7      | Killed a hippogriff
  6646 | D:7      | Reached XP level 9. HP: 36/64 MP: 7/10
  7090 | D:7      | Killed Menkaure
  7090 | D:7      | Reached skill level 7 in Transmutations
  7220 | D:7      | Found an ancient bone altar of Kikubaaqudgha.
  7220 | D:7      | Found an opulent altar of Gozag.
  7376 | D:8      | Noticed Sigmund
  7527 | D:8      | Noticed Harold
  7557 | D:8      | HP: 9/64 [Harold/harpoon shot (18)]
  7559 | D:8      | HP: 1/64 [Harold/+2 flail of protection (10)]
  7671 | D:7      | Killed Harold
  7671 | D:7      | Reached *** piety under Okawaru
  7671 | D:7      | Reached skill level 10 in Unarmed Combat
  7785 | D:8      | Killed Sigmund
  7785 | D:8      | Reached skill level 8 in Transmutations
  7956 | D:8      | Reached skill level 11 in Unarmed Combat
  8210 | D:8      | Noticed a two-headed ogre
  8221 | D:8      | Killed a two-headed ogre
  8221 | D:8      | Reached **** piety under Okawaru
  8221 | D:8      | Received a gift from Okawaru
  8221 | D:8      | Reached XP level 10. HP: 25/71 MP: 2/11
  8471 | D:9      | Found a staircase to the Orcish Mines.
  8671 | D:9      | Found a shimmering altar of Xom.
  8671 | D:9      | Noticed a red ugly thing
  9068 | D:9      | Reached skill level 9 in Transmutations
  9096 | D:9      | HP: 11/71 [killer bee (8)]
  9100 | D:8      | HP: 5/71 [killer bee (4)]
  9106 | D:8      | HP: 15/71 [killer bee (2)]
  9110 | D:8      | HP: 7/71 [killer bee (6)]
  9118 | D:8      | HP: 9/71 [poisoned by a killer bee]
  9126 | D:8      | HP: 11/71 [poisoned by a killer bee]
  9415 | D:9      | Reached skill level 12 in Unarmed Combat
  9545 | D:9      | Identified the ring "Zialamm" {+Fly rPois rF+++ rC- Dex-5}
  9712 | D:8      | HP: 16/71 [red ugly thing (19)]
  9714 | D:8      | Slain by a red ugly thing

Levels and vault maps discovered:
D:1:      dpeg_cavernosity, layout_basic, minmay_crystal_room
D:2:      layout_loops_ring, makhleb_heckhound_becter, first_ration
D:3:      layout_loops_ring, lemuel_crystal_altar, hangedman_ru_absence
D:4:      layout_basic, kennysheep_generic_room_3
D:5:      layout_rooms, kennysheep_mini_moat, lemuel_coloured_pillars_altar
D:6:      layout_cave_pools, minmay_temple_entry_hall, serial_shops,
          nicolae_shop_overgrown_old_shop, wad_rectangle_vault, uniq_grinder
D:7:      layout_rooms, overflow_temple_1_default,
          gammafunk_temple_overflow_elements, serial_shops, shop, uniq_menkaure
D:8:      layout_cave_pools, sigmund_army, uniq_harold
D:9:      layout_irregular_city, xom_confusion_cloud, david_orc_3
Temple:   minmay_temple_curvy_branch

Skill      XL: |  1  2  3  4  5  6  7  8  9 10 |
---------------+-------------------------------+-----
Unarmed Combat | 4 5 7 9 11 12 | 12.1
Transmutations | 2 3 5 6 8 9 |  9.2
Armour         | 1 2 3 |  3.0
Short Blades   | 1 2 3 |  3.0
Fighting       | |  1.2
Dodging        | |  2.1
Spellcasting   | |  1.3

Action                   |  1- 3 |  4- 6 |  7- 9 | 10-12 || total
-------------------------+-------+-------+-------+-------++-------
Melee: Dagger            |   104 |   142 |   357 |   204 ||   807
       Unarmed           |     3 |       |       |       ||     3
       Headbutt          |    16 |    18 |    63 |    47 ||   144
       Kick              |     2 |     3 |     3 |     1 ||     9
       Punch             |     1 |     3 |    11 |    13 ||    28
Throw: Stone             |       |    11 |     5 |     1 ||    17
       Javelin           |       |       |     2 |     4 ||     6
 Cast: Beastly Appendage |     3 |     2 |     1 |       ||     6
       Sticks to Snakes  |       |       |     6 |     2 ||     8
Invok: Heroism           |       |       |     5 |     6 ||    11
  Use: Potion            |       |       |     3 |     2 ||     5
       Scroll            |       |       |    11 |     2 ||    13
 Stab: Distracted        |       |       |     2 |       ||     2
  Eat: Chunk             |     3 |     8 |    13 |     5 ||    29
Armor: Leather armour    |    21 |    36 |    93 |    53 ||   203
Dodge: Dodged            |    50 |    76 |   202 |   113 ||   441

Table legend:
 A = Non-vault XP
 B = Vault XP
 C = Vault XP percentage of total XP
 D = Non-vault monster count
 E = Vault monster count
 F = Vault count percentage of total count
                 A         B        C        D         E       F
            +---------+---------+-------+---------+---------+-------
      Total |    5376 |    2901 |  35.0 |     159 |      33 |  17.2
            +---------+---------+-------+---------+---------+-------
        D:1 |      26 |       5 |  16.1 |      15 |       4 |  21.1
        D:2 |      97 |      43 |  30.7 |      30 |       1 |   3.2
        D:3 |      63 |       0 |   0.0 |      16 |       0 |   0.0
        D:4 |     531 |       0 |   0.0 |      18 |       0 |   0.0
        D:5 |     459 |       0 |   0.0 |      13 |       0 |   0.0
        D:6 |     342 |     589 |  63.3 |       9 |       6 |  40.0
        D:7 |     979 |    1147 |  54.0 |      16 |       3 |  15.8
        D:8 |    2087 |     450 |  17.7 |      21 |       7 |  25.0
        D:9 |     792 |     667 |  45.7 |      21 |      12 |  36.4
            +---------+---------+-------+---------+---------+-------

Levels and vault maps discovered:
D:1:      dpeg_cavernosity, layout_basic, minmay_crystal_room
D:2:      layout_loops_ring, makhleb_heckhound_becter, first_ration
D:3:      layout_loops_ring, lemuel_crystal_altar, hangedman_ru_absence
D:4:      layout_basic, kennysheep_generic_room_3
D:5:      layout_rooms, kennysheep_mini_moat, lemuel_coloured_pillars_altar
D:6:      layout_cave_pools, minmay_temple_entry_hall, serial_shops,
          nicolae_shop_overgrown_old_shop, wad_rectangle_vault, uniq_grinder
D:7:      layout_rooms, overflow_temple_1_default,
          gammafunk_temple_overflow_elements, serial_shops, shop, uniq_menkaure
D:8:      layout_cave_pools, sigmund_army, uniq_harold
D:9:      layout_irregular_city, xom_confusion_cloud, david_orc_3
Temple:   minmay_temple_curvy_branch

Table legend:
 A = Turns spent in this place as a percentage of turns spent in the entire game.
 B = Non-inter-level travel turns spent in this place as a percentage of non-inter-level travel turns spent in the entire game.
 C = Inter-level travel turns spent in this place as a percentage of turns spent in this place.
 D = Turns resting spent in this place as a percentage of non-inter-level travel turns spent in this place.
 E = Turns spent auto-exploring this place as a percentage of non-inter-level travel turns spent in this place.
 F = Non-inter-level travel turns spent in this place divided by the number of levels of this place that you've seen.
                   A       B       C       D       E      F
               +-------+-------+-------+-------+-------+----------------------
         Total | 100.0 | 100.0 |   7.6 |  21.6 |  49.2 | 897.2
       Dungeon |  97.7 |  97.5 |   7.8 |  22.1 |  47.9 | 972.2
        Temple |   2.3 |   2.5 |   2.6 |   0.0 |  99.1 | 222.0
               +-------+-------+-------+-------+-------+----------------------

Table legend:
 A = Kills in this place as a percentage of kills in entire the game.
 B = Kills by you in this place as a percentage of kills by you in the entire game.
 C = Kills by friends in this place as a percentage of kills by friends in the entire game.
 D = Other kills in this place as a percentage of other kills in the entire game.
 E = Experience gained in this place as a percentage of experience gained in the entire game.
 F = Experience gained in this place divided by the number of levels of this place that you have seen.
                   A       B       C       D       E      F
               +-------+-------+-------+-------+-------+----------------------
         Total | 100.0 | 100.0 | 100.0 |   N/A | 100.0 | 827.7
       Dungeon | 100.0 | 100.0 | 100.0 |   N/A | 100.0 | 919.7
               +-------+-------+-------+-------+-------+----------------------
